 Dungeon Crawl Stone Soup version 0.26.0-16-gc1dbca0489 (webtiles) character file.

Game seed: 6227983288223022404

51 willie the Ruffian (level 3, -7/36 HPs)
             Began as a Troll Monk on Jan 18, 2021.
             Mangled by a goblin
             ... wielding a +2 dagger of electrocution
              (16 damage)
             ... on level 3 of the Dungeon.
             The game lasted 00:02:35 (2371 turns).

willie the Ruffian (Troll Monk)                     Turns: 2371, Time: 00:02:35

Health: -7/36      AC:  6    Str: 20    XL:     3   Next: 57%
Magic:  2/2        EV: 10    Int:  6    God:
Gold:   97         SH:  0    Dex: 12    Spells: 2/2 levels left

rFire    . . .     SeeInvis .     - Unarmed
rCold    . . .     Faith    .   (no shield)
rNeg     . . .     Spirit   .   a - +0 robe
rPois    .         Reflect  .   (helmet restricted)
rElec    .         Harm     .   (no cloak)
rCorr    .         Rampage  .   (gloves unavailable)
Will     .....                  (boots unavailable)
Stlth    ++........             (no amulet)
HPRegen  0.52/turn              (no ring)
MPRegen  0.08/turn              (no ring)

@: no status effects
A: large, unfitting armour, claws 3, regeneration 1, shaggy fur 1, tough skin 3
a: no special abilities


You were on level 3 of the Dungeon.
You visited 1 branch of the dungeon, and saw 3 of its levels.

You collected 97 gold pieces.

Inventory:

Armour
 a - a +0 robe (worn)
Jewellery
 g - an uncursed ring of fire {unknown}
Scrolls
 b - a scroll of magic mapping {unknown}
 d - a scroll of random uselessness {unknown}
 e - 4 scrolls of identify {unknown}
 f - a scroll of fear {unknown}
 h - 2 scrolls of remove curse {unknown}
 l - a scroll of amnesia {unknown}
 m - 3 scrolls of blinking {unknown}
Potions
 c - 2 potions of heal wounds {unknown}
 i - 2 potions of flight {unknown}
 j - 2 potions of cancellation {unknown}
 k - a potion of brilliance {unknown}
 n - a potion of magic {unknown}
 o - a potion of lignification {unknown}


   Skills:
 * Level 2.8 Fighting
 + Level 2.7 Dodging
 + Level 1.1 Stealth
 * Level 3.8 Unarmed Combat


You had 2 spell levels left.
You didn't know any spells.
Your spell library was empty.

Dungeon Overview and Level Annotations

Branches:
Dungeon (3/15)

Altars:
Cheibriados
Elyvilon

Annotations:
D:3 3 runed translucent doors, Gauvater's ghost, amateur FoFi


Innate Abilities, Weirdness & Mutations

You are too large for most types of armour.
You have claws for hands.
Your natural rate of healing is unusually fast.
You are covered in fur. (AC +1)
You have extremely tough skin. (AC +3)


Message History

Found a shiny bronze wand.
You now have 97 gold pieces (gained 6).
There are no items here.
The goblin unwields a +0 hunting sling.
The goblin wields a +2 dagger of electrocution.
You hear the crackle of electricity.
The goblin hits you with a +2 dagger of electrocution.
You are electrocuted!
You closely miss the goblin. The goblin closely misses you.
You barely miss the goblin.
The goblin hits you with a +2 dagger of electrocution.
You are electrocuted!
* * * LOW HITPOINT WARNING * * *
You miss the goblin. The goblin barely misses you.
You scratch the goblin.
The goblin is heavily wounded.
The goblin hits you but does no damage.
You closely miss the goblin.
The goblin is heavily wounded.
The goblin hits you but does no damage.
You are electrocuted!
You die...

.......
#...#.+...#...#.#
.......
##..#.#..#o#..#.#
....... #..#.#..gr...#)#
.... ##.#.#########.#
../ #.†...........#
....####.........#...#
.........(.......#...#
...........#.#####...#
.........@g#... ......
...(.....#>#######...##.
.........#... ..... #
.........#.### ##...##
.........#.#
.........#.#
#####.##.#.# #. #.#.. #.
#.#


You could see an orc, 2 goblins and a rat.

Vanquished Creatures
  3 worms (D:2)
  A dart slug (D:1)
  A leopard gecko (D:2)
  5 bats
  A giant cockroach (D:1)
  5 goblins
  3 hobgoblins
  6 kobolds (D:1)
  A quokka (D:2)
  8 frilled lizards
  8 rats
42 creatures vanquished.

Notes
Turn   | Place    | Note
-------+----------+-------------------------------------------
     0 | D:1      | willie the Troll Monk began the quest for the Orb.
     0 | D:1      | Reached XP level 1. HP: 22/22 MP: 0/0
     2 | D:1      | Noticed a dwarf
     2 | D:1      | Noticed a vine stalker
     4 | D:1      | Noticed a draconian
     4 | D:1      | Noticed a vampire
     6 | D:1      | Noticed a spriggan
     6 | D:1      | Noticed a demonspawn
     8 | D:1      | Noticed a centaur
    10 | D:1      | Noticed an octopode
    10 | D:1      | Noticed a demigod
    12 | D:1      | Noticed a merfolk
    12 | D:1      | Noticed a halfling
    14 | D:1      | Noticed a troll
    14 | D:1      | Noticed a ghoul
    16 | D:1      | Noticed a minotaur
    16 | D:1      | Noticed a formicid
    18 | D:1      | Noticed a gargoyle
    18 | D:1      | Noticed a naga
    20 | D:1      | Noticed a human
    20 | D:1      | Noticed an elf
    22 | D:1      | Noticed an ogre
    24 | D:1      | Noticed a felid
    24 | D:1      | Noticed a tengu
   788 | D:1      | Reached XP level 2. HP: 29/29 MP: 1/1
  1278 | D:1      | Reached XP level 3. HP: 33/36 MP: 2/2
  1566 | D:2      | Found a white marble altar of Elyvilon.
  2037 | D:2      | Found a snail-covered altar of Cheibriados.
  2293 | D:3      | Found a runed translucent gate.
  2293 | D:3      | Found a runed translucent gate.
  2293 | D:3      | Found a runed translucent gate.
  2311 | D:3      | Noticed Gauvater's ghost (amateur FoFi)
  2371 | D:3      | Mangled by a goblin

Illustrated notes

Levels and vault maps discovered:
D:1:      kb_arrival_jail, layout_loops_corners
D:2:      layout_basic, cheibriados_altar_1, elyvilon_altar_4
D:3:      layout_basic, gammafunk_ghost_split

Action                   || total
-------------------------++-------
Melee: Unarmed           ||    91
 Stab: Sleeping          ||     2
Armor: Robe              ||    32
Dodge: Dodged            ||    60
